 Dungeon Crawl Stone Soup version 0.21-a0-434-g806c6c2 (webtiles) character file.

21 wvc the Skirmisher (level 2, -2/25 HPs)
             Began as a Barachi Wanderer on Nov 8, 2017.
             Killed from afar by Sigmund (4 damage)
             ... with a puff of flame
             ... on level 2 of the Dungeon.
             The game lasted 00:06:44 (1945 turns).

wvc the Skirmisher (Barachi Wanderer)               Turns: 1945, Time: 00:06:44

Health: -2/25      AC:  4    Str: 12 (13) XL:     2   Next: 83%
Magic:  5/5        EV: 11    Int:  9 (12) God:
Gold:   42         SH:  0    Dex:  9 (11) Spells: 5/5 levels left

rFire    . . .     SeeInvis .   q - +0 rapier
rCold    . . .     Gourm    .   (no shield)
rNeg     . . .     Faith    .   d - +1 robe
rPois    .         Spirit   .   (no helmet)
rElec    .         Reflect  .   (no cloak)
rCorr    .         Harm     .   k - +0 pair of gloves
MR       .....                  (no boots)
Stlth    +.........             (no amulet)
HPRegen  0.08/turn              (no ring)
MPRegen  0.09/turn              (no ring)

@: confused, lethally poisoned (-2 -> -7), slow
A: +LOS, swims, slowness 1, strong legs 1
a: Hop


You were on level 2 of the Dungeon.
You were not hungry.

You visited 1 branch of the dungeon, and saw 2 of its levels.

You collected 42 gold pieces.

Inventory:

Hand Weapons
 q - a +0 rapier (weapon)
Missiles
 e - 39 poisoned needles
Armour
 d - a +1 robe (worn)
 k - a +0 pair of gloves (worn)
Wands
 g - a wand of iceblast (7/15)
Books
 a - a book of Minor Magic

   Spells                             Type                      Level
   a - Magic Dart                     Conjuration                  1
   b - Blink                          Translocation                2
   c - Call Imp                       Summoning                    2
   d - Slow                           Hexes                        2
   e - Conjure Flame                  Conjuration/Fire             3
   f - Mephitic Cloud                 Conjuration/Poison/Air       3
 c - Sif Muna's Grimoire of Stones

   Spells                             Type                      Level
   a - Sandblast                      Earth                        1
   b - Stone Arrow                    Conjuration/Earth            3
Comestibles
 f - 3 bread rations
 j - a royal jelly
 m - a meat ration


   Skills:
 + Level 3.7 Fighting
 + Level 1.7 Armour
   Level 1.1 Shields
 - Level 2.1 Spellcasting
   Level 1.1 Fire Magic
   Level 2.0 Earth Magic
 - Level 1.1 Evocations


You had 5 spell levels left.
You didn't know any spells.

Dungeon Overview and Level Annotations

Branches:
Dungeon (2/15)

Altars:
Nemelex Xobeh
Uskayaw

Annotations:
D:2 Sigmund


Innate Abilities, Weirdness & Mutations

Shadows flee at your approach. (+LOS)
You can swim through water.
You cover ground slowly.
You can hop short distances.


Message History

You hear some strange, mumbled words.
A puff of flame appears from out of thin air!
The puff of flame misses you.
Evoke which item? (* to show all) (? for menu, Esc to quit)
Aiming: Iceblast (will waste charges)
Press: ? - help, Shift-Dir - straight line The mass of ice explodes!
The iceblast engulfs something.
Evoking this partially-identified wand wasted a few charges.
* * * LOW HITPOINT WARNING * * *
You feel sick.
You hear some strange, mumbled words.
You are confused.
There isn't anything here!
Evoke which item? (* to show all) (? for menu, Esc to quit)
You're too confused!
You bump into the rock wall.
You hear some strange, mumbled words.
A puff of flame appears from out of thin air!
The puff of flame hits you!
You die...

#..#.......#.#..........
###..#.......#...#########
.....##.....##.#.#
.....####.####.#.#
...............#.#
.......#######.#.#
######## #.#.# #######.#.#
########.......#@#
..$......#######.#
...........<.# #{#
.............# #.#
.........@...# #.#
.............+ ..#
........#....# ###
........#....#
........#....#


There were no monsters in sight!

Vanquished Creatures
  2 giant cockroaches
  2 goblins (D:2)
  2 hobgoblins (D:1)
  2 kobolds
  A quokka (D:2)
  4 bats
  2 frilled lizards
  4 rats
19 creatures vanquished.

Notes
Turn   | Place    | Note
-------+----------+-------------------------------------------
     0 | D:1      | wvc the Barachi Wanderer began the quest for the Orb.
     0 | D:1      | wvc set off with: a book of Minor Magic, a potion of lignification, Sif Muna's Grimoire of Stones, a +0 robe, a +0 club, a bread ration
     0 | D:1      | Reached XP level 1. HP: 17/17 MP: 3/3
     0 | D:1      | Identified Sif Muna's Grimoire of Stones
   378 | D:2      | Found a hide-covered altar of Uskayaw.
   392 | D:2      | Reached skill level 3 in Fighting
   629 | D:2      | Noticed Sigmund
   767 | D:1      | Reached XP level 2. HP: 22/24 MP: 5/5
  1079 | D:1      | Found a sparkling altar of Nemelex Xobeh.
  1945 | D:2      | Killed from afar by Sigmund

Vault maps used:
D:1:      lightli_arrival_flooded_house, serial_forest,
          infiniplex_forest_lined_room_, infiniplex_forest_end_1,
          infiniplex_forest_straight_2, infiniplex_forest_lined_ring,
          infiniplex_forest_clump_cross, infiniplex_forest_end_3,
          nemelex_diamond_rough_becter
D:2:      old_standard_altar, first_bread, minmay_domino_2, uniq_natasha,
          uniq_terence, uniq_sigmund

Skill      XL: |  1 |
---------------+----+-----
Fighting       | 3 |  3.7
Armour         | |  1.7
Shields        | |  1.1
Spellcasting   | |  2.1
Fire Magic     | |  1.1
Earth Magic    | |  2.0
Evocations     | |  1.1

Action                   || total
-------------------------++-------
Melee: Dagger            ||    79
       Club              ||    10
       Rapier            ||     8
Evoke: Wand              ||     2
  Use: Scroll            ||     5
       Potion            ||     5
 Stab: Sleeping          ||     2
  Eat: Chunk             ||     4
Armor: Robe              ||    35
       Skin              ||    15
Dodge: Dodged            ||    73

Table legend:
 A = Spawn XP
 B = Non-spawn XP
 C = Spawn XP percentage of total XP
 D = Spawn monster count
 E = Non-spawn monster count
 F = Spawn count percentage of total count
 G = Total turns spent on level
                    A         B        C        D         E        F      G
               +---------+---------+-------+---------+---------+-------+---------
         Total |       0 |      30 |   0.0 |       0 |      19 |   0.0 |  1945
               +---------+---------+-------+---------+---------+-------+---------
           D:1 |       0 |      16 |   0.0 |       0 |      10 |   0.0 |  1181
           D:2 |       0 |      14 |   0.0 |       0 |       9 |   0.0 |   764
               +---------+---------+-------+---------+---------+-------+---------
